Map: Costas tropicales

Players

MrFercho

  • Race: Zerg Zerg
  • Spawn Location: 5:00

tigro

  • Race: Terran Terran
  • Spawn Location: 6:00

PapaSmurf

  • Race: Terran Terran
  • Spawn Location: 0:00

VOD

Have the link to the VOD?

Description

Time

  • Played on: March 19, 2020, 11:20 p.m.
  • Length: 14:20
Show
View Real Time Build Order
Export as new Build Order

MrFercho Zerg 

Build Orders: Pool Only 

Get SALT Encoding   

  12  0:05  Drone  
  13  0:26  Overlord  
  14  0:28  Drone  
  14  1:29  Drone x2  
  16  1:36  Extractor  
  15  1:43  Spawning Pool  
  15  1:44  Drone  
  15  1:45  Drone  
  16  2:31  Drone  
  16  2:32  Zergling x2, Drone  
  19  2:49  Zergling x2  
  20  3:00  Drone  
  20  3:05  Extractor  
  20  3:17  Metabolic Boost  
  20  3:36  Overlord  
  20  3:38  Overlord  
  20  3:39  Drone  
  21  4:03  Burrow  
  21  4:12  Drone  
  21  4:13  Drone  
  1  4:55  Drone  
  1  4:56  Drone x2  
  4  5:13  Queen  
  6  5:15  Spore Crawler  
  6  5:16  Zergling x2  
  2  5:59  Queen  
  2  6:24  Drone  
  3  6:50  Drone x2  
  5  7:07  Drone x2  
  7  7:22  Drone x2  
  9  7:23  Drone x2  
  11  7:46  Drone  
  11  7:47  Drone  
  13  8:04  Zergling x4  
  15  8:16  Drone  
  15  8:19  Lair  
  16  8:59  Drone x4  
  18  10:31  Drone x2  
  18  10:32  Overlord  
  18  10:34  Overlord  
  18  10:35  Drone x2  
  22  11:05  Infestation Pit  
  22  11:06  Queen  
  22  11:10  Drone  
  22  11:11  Drone x2  
  26  11:57  Zergling x6  
  26  12:55  Spire x2  
  24  13:19  Spine Crawler  
  23  13:22  Spore Crawler  
  23  13:23  Spore Crawler  
  23  13:24  Spore Crawler  
Show
View Real Time Build Order
Export as new Build Order

tigro Terran 

Build Orders:  

Get SALT Encoding   

  12  0:07  SCV  
  13  0:19  SCV  
  14  0:26  Supply Depot  
  14  0:31  SCV  
  15  0:48  SCV  
  16  1:00  SCV  
  16  1:01  Barracks  
  17  1:07  Refinery  
  17  1:12  SCV  
  17  1:16  Refinery  
  18  1:24  SCV  
  19  1:36  SCV  
  20  1:49  SCV  
  21  1:55  Supply Depot  
  21  1:58  Marine  
  22  2:11  SCV  
  23  2:16  Marine  
  23  2:22  Engineering Bay  
  24  2:34  Marine  
  25  2:52  Marine  
  25  2:57  Barracks  
  26  3:06  Orbital Command  
  26  3:10  Marine  
  27  3:15  Terran Infantry Weapons Level 1  
  27  3:27  Marine  
  28  3:45  Marine  
  29  3:55  Command Center  
  29  4:00  Barracks Tech Lab  
  29  4:03  Marine  
  30  4:21  Marine, Factory  
  31  4:46  Marine  
  30  5:03  Marine  
  31  5:10  Terran Infantry Armor Level 1  
  30  5:17  Missile Turret  
  11  5:52  SCV  
  11  5:54  Missile Turret  
  12  6:04  SCV  
  13  6:09  Starport  
  13  6:10  Factory Tech Lab  
  13  6:16  SCV  
  14  6:25  Marauder  
  16  6:27  Barracks Tech Lab  
  16  6:28  SCV  
  12  6:40  SCV  
  12  6:46  Marauder  
  15  6:54  Planetary Fortress  
  15  7:04  Medivac, Neosteel Armor  
  15  7:08  Combat Shield, Marauder  
  19  7:28  SCV  
  20  7:40  SCV  
  21  7:46  SCV  
  22  7:55  Missile Turret  
  22  7:58  SCV, Refinery  
  23  8:18  SCV  
  24  8:27  Concussive Shells  
  24  8:30  SCV  
  25  8:40  Starport Tech Lab  
  25  8:42  SCV, Supply Depot, Infernal Pre-Igniter  
  25  8:44  Hi-Sec Auto Tracking  
  26  8:54  SCV  
  27  9:06  SCV x2  
  29  9:19  Supply Depot  
  29  9:31  Refinery  
  29  9:35  Siege Tank  
  29  9:37  Stimpack  
  32  10:00  Missile Turret  
  32  10:44  Corvid Reactor  
  32  10:45  Armory  
  32  10:52  SCV  
  33  11:04  SCV  
  34  11:16  SCV  
  34  11:17  SCV  
  36  11:28  SCV  
  36  11:29  SCV  
  33  11:40  SCV  
  25  11:50  Marine  
  25  11:53  Marauder  
  21  12:03  Cloaking Field  
  21  12:08  Marine  
  19  12:15  Marauder  
  21  12:26  Marine  
  22  12:36  Marauder  
  21  12:44  Marine  
  16  13:01  Marine  
  16  13:15  Medivac  
  12  13:22  Siege Tank  
Show
View Real Time Build Order
Export as new Build Order

PapaSmurf Terran 

Build Orders: Mech 

Get SALT Encoding   

  12  0:05  SCV  
  13  0:17  Supply Depot  
  13  0:19  SCV  
  14  0:31  SCV  
  15  0:43  Barracks  
  15  0:47  SCV  
  16  0:51  Refinery  
  16  0:59  SCV  
  17  1:32  Refinery  
  17  1:33  Supply Depot, Marine  
  17  1:38  Orbital Command  
  18  1:51  Marine  
  19  1:57  Factory  
  19  1:58  Supply Depot  
  19  2:04  SCV  
  20  2:16  SCV, Marine  
  22  2:29  SCV  
  23  2:44  SCV, Starport  
  23  2:47  Marine  
  25  3:03  Command Center  
  25  3:07  Marine  
  25  3:10  Factory Tech Lab  
  26  3:13  SCV  
  27  3:21  Medivac  
  27  3:25  Marine  
  30  3:32  SCV  
  30  3:34  Siege Tank  
  34  3:43  Marine  
  34  3:45  SCV  
  36  3:57  SCV  
  36  4:01  Marine  
  38  4:19  Marine  
  39  4:31  Liberator  
  42  4:33  SCV  
  42  4:37  Marine  
  44  4:38  Siege Tank  
  44  4:41  Orbital Command  
  44  4:45  SCV  
  48  4:54  Marine  
  49  5:02  SCV  
  50  5:12  Marine  
  51  5:15  SCV  
  52  5:30  Marine  
  49  5:43  SCV x2  
  49  5:46  Widow Mine  
  49  5:48  Marine  
  54  6:01  Command Center  
  54  6:14  Supply Depot x2  
  54  6:19  Supply Depot, Marine  
  54  6:20  Medivac  
  54  6:21  Supply Depot x3  
  54  6:31  SCV  
  53  6:35  Siege Tank  
  55  6:49  SCV x2  
  57  6:55  Factory  
  57  6:57  Factory x2  
  57  6:58  Factory  
  57  6:59  Barracks  
  57  7:01  SCV  
  58  7:02  Barracks  
  58  7:05  Factory  
  58  7:07  SCV  
  59  7:13  SCV  
  60  7:19  SCV  
  60  7:20  Orbital Command  
  60  7:22  Barracks Tech Lab  
  61  7:25  SCV  
  61  7:29  Refinery  
  62  7:30  Refinery  
  62  7:31  SCV, Starport Reactor  
  62  7:36  Siege Tank  
  66  7:37  SCV  
  66  7:43  SCV  
  68  7:49  SCV  
  69  7:52  Factory Tech Lab x2  
  69  7:53  Factory Reactor x2  
  69  7:55  SCV, Marauder, Barracks Tech Lab  
  69  7:57  SCV  
  73  8:06  Hellion  
  73  8:07  Marine  
  73  8:09  Hellion  
  78  8:15  Marine  
  78  8:18  Medivac  
  81  8:22  SCV x2, Stimpack  
  81  8:26  Barracks Reactor  
  83  8:30  Hellion  
  83  8:31  Hellion x6  
  83  8:32  Hellion  
  83  8:33  SCV  
  100  8:35  SCV x2  
  102  8:44  Refinery  
  102  8:45  SCV  
  102  8:47  SCV x2  
  102  8:48  Refinery  
  105  8:49  Refinery, Command Center  
  105  8:52  Siege Tank x2  
  111  8:56  Marauder x2  
  111  8:57  SCV  
  111  8:59  SCV  
  111  9:02  SCV  
  118  9:05  Supply Depot  
  118  9:06  Supply Depot  
  118  9:09  Supply Depot  
  118  9:10  SCV  
  118  9:11  SCV  
  118  9:14  SCV  
  121  9:17  Marine x2  
  121  9:22  SCV  
  121  9:23  Armory  
  124  9:26  Refinery  
  124  9:31  Siege Tank x3  
  133  9:34  Hellion x4  
  133  9:35  Marine  
  133  9:36  Infernal Pre-Igniter  
  142  9:47  Medivac  
  142  9:50  Marauder, Marine x2  
  142  9:51  SCV x3  
  151  9:53  Marauder  
  153  10:01  Orbital Command  
  153  10:03  SCV x3  
  156  10:15  SCV x3  
  159  10:26  Liberator x2  
  159  10:27  SCV x2  
  167  10:32  Refinery, Command Center  
  167  10:34  Supply Depot x2, Refinery  
  167  10:59  Supply Depot  
  167  11:19  Liberator x2  
  167  11:23  Terran Vehicle And Ship Armor Level 1, Fusion Core  
  167  13:02  Marauder x2, Marine  
  167  13:03  Marine  
  167  13:05  Cyclone x3  
  177  13:20  Marine  
  177  13:24  Marauder x2  
  180  13:37  Cyclone x2  
  186  13:44  Marine x2  
  186  13:45  Marauder x2  
  186  13:47  Cyclone  
Tags
 
Composition
Mech
Opening
Pool Only
Replay Pack
MrFercho
Add a new tag
Caveats
  • Supply blocks, unpowered buildings, or Contaminate may cause inaccurate times.
  • Supply counts are checked every 10 seconds.